 Dungeon Crawl Stone Soup version 0.18-b1-14-g029dad2 (webtiles) character file.

529 Alarkh the Insei (level 7, 59/59 HPs)
             Began as a Pale Draconian Transmuter on Apr 30, 2016.
             Got out of the dungeon alive.
             The game lasted 00:06:08 (3632 turns).

Alarkh the Insei (Pale Draconian Transmuter)        Turns: 3632, Time: 00:06:09

Health: 59/59      AC:  8    Str: 12    XL:     7   Next: 3%
Magic:  10/10      EV: 13    Int: 15    God:
Gold:   232        SH:  0    Dex: 12    Spells: 2 memorised, 6 levels left

rFire  . . .     SeeInvis .       - Unarmed
rCold  . . .     Gourm    .     (armour unavailable)
rNeg   . . .     Faith    .     (no shield)
rPois  .         Spirit   .     (helmet restricted)
rElec  .         Dismiss  .     (no cloak)
rCorr  .         Reflect  .     l - +0 pair of gloves
SustAt .         Harm     .     y - +0 pair of boots
MR     +....                    n - amulet of inaccuracy (curse)
Stlth  +.........               (no ring)
                                o - ring of protection from magic

@: somewhat resistant to hostile enchantments, very unstealthy
A: breathe steam, unfitting armour, cold-blooded, AC +6
a: Breathe Steam


You escaped.
You were not hungry.

You visited 1 branch of the dungeon, and saw 4 of its levels.

You collected 232 gold pieces.

Inventory:

Armour
 l - a +0 pair of gloves (worn)
 y - a +0 pair of boots (worn)
Jewellery
 i - an uncursed ring of ice
 n - a cursed amulet of inaccuracy (around neck)
 o - a ring of protection from magic (left hand)
Wands
 w - a wand of acid (4/15)
Scrolls
 d - a scroll of teleportation {unknown}
 g - a scroll of noise
 h - 2 scrolls of enchant armour {unknown}
 j - a scroll of recharging {unknown}
 r - 3 scrolls of fog {unknown}
 v - a scroll of remove curse
Potions
 a - a potion of magic {unknown}
 e - a potion of brilliance
 f - 2 potions of ambrosia
 k - a potion of invisibility
 p - 2 potions of degeneration {unknown}
 s - a potion of cure mutation {unknown}
 u - 3 potions of might
 x - a potion of curing
Books
 b - a book of Changes

   Spells                             Type                      Level
   a - Beastly Appendage              Transmutation                1
   b - Sticks to Snakes               Transmutation                2
   c - Spider Form                    Transmutation/Poison         3
   d - Ice Form                       Ice/Transmutation            4
   e - Blade Hands                    Transmutation                5
Comestibles
 c - 4 bread rations
 m - a beef jerky
 q - 3 fruits
 t - a slice of pizza


   Skills:
 + Level 4.1 Fighting
 - Level 3.0 Dodging
 * Level 6.5 Unarmed Combat
 - Level 2.0 Spellcasting
 - Level 2.0 Transmutations


You had 6 spell levels left.
You knew the following spells:

 Your Spells              Type           Power        Failure   Level  Hunger
a - Beastly Appendage     Trmt           #.....       12%         1    #......
b - Spider Form           Trmt/Pois      #.........   43%         3    ###....


Dungeon Overview and Level Annotations

Branches:
Dungeon (4/15)
 Temple: D:4-7

Altars:
Elyvilon


Innate Abilities, Weirdness & Mutations

You can breathe blasts of scalding, opaque steam.
Your pale cyan-grey scales are hard (AC +6).
Your body does not fit into most forms of armour.
You are cold-blooded and may be slowed by cold attacks.


Message History

Where to? (Enter - D:3 @ (x,y), ? - help)
What level of the Dungeon? (default 1, ? - help)
You see here a spear.
You see here a spear.
You see here a stone.
There is a stone staircase leading up here.
There is a stone staircase leading up here.
You climb upwards.
There is a stone staircase leading down here.
There is a stone staircase leading up here.
You climb upwards.
There is a stone staircase leading down here.
Eating one of 3 chunks of flesh.
This raw flesh tastes terrible.
You continue eating. x2
There is a stone staircase leading down here.
All of the chunks of flesh in your inventory have rotted away.
HP restored.
There is a staircase leading out of the dungeon here.
Are you sure you want to leave the Dungeon?
This will make you lose the game!
You have escaped!

#.# #.##.# #.#.....
#.# ###### ########
#.# #.# ##### #####
##### # #####.###
#...# #...# #...# #
#.......# #.8.#
#...# #...# #
#.###.###
#...###(..###...###
#.# #.###
#..................
#.# #...#
#.@................
#.# ###.#
#(.................
#.# #.#
#...###...###...###
#.# #.# #.8.# #...#
#...# # #.# #.#
#...# #...# #...# #
#####)#####.# #####
##### ##### #
#...........#
#.#########.# ####
### #.# #.# #..#
#.#


There were no monsters in sight!

Vanquished Creatures
  Edmund (D:4)
  An ogre (D:4)
  Blork the orc (D:4)
  Jessica (D:3)
  Natasha (D:4)
  An iguana (D:4)
  3 gnolls (D:3)
  7 adders
  2 worms
  An adder skeleton (D:4)
  A dart slug (D:1)
  A giant gecko (D:1)
  2 orcs (D:3)
  8 bats
  7 giant cockroaches
  8 goblins
  13 hobgoblins
  10 jackals
  2 quokkas
  A ball python (D:3)
  3 giant newts
  A jackal skeleton (D:4)
  9 kobolds
  6 rats
91 creatures vanquished.

Notes
Turn   | Place    | Note
--------------------------------------------------------------
     0 | D:1      | Alarkh the Draconian Transmuter began the quest for the Orb.
     0 | D:1      | Reached XP level 1. HP: 16/16 MP: 3/3
   217 | D:1      | Reached XP level 2. HP: 16/23 MP: 5/5
   958 | D:2      | Reached XP level 3. HP: 18/28 MP: 6/6
   968 | D:2      | Learned a level 3 spell: Spider Form
  1122 | D:2      | Reached skill level 4 in Unarmed Combat
  1324 | D:2      | Reached XP level 4. HP: 36/36 MP: 7/7
  1876 | D:3      | Noticed Jessica
  1881 | D:3      | Killed Jessica
  1904 | D:3      | Reached XP level 5. HP: 38/42 MP: 4/8
  2088 | D:3      | Reached skill level 5 in Unarmed Combat
  2400 | D:3      | Found a white marble altar of Elyvilon.
  2753 | D:4      | Noticed a phantom
  2874 | D:4      | Noticed Blork the orc
  2883 | D:4      | Killed Blork the orc
  2883 | D:4      | Reached XP level 6. HP: 45/51 MP: 5/9
  2991 | D:4      | Noticed Natasha
  3015 | D:4      | Killed Natasha
  3015 | D:4      | Reached skill level 6 in Unarmed Combat
  3343 | D:4      | Noticed Edmund
  3377 | D:4      | Killed Edmund
  3377 | D:4      | Your scales start taking on a pale cyan-grey colour.
  3377 | D:4      | Reached XP level 7. HP: 34/59 MP: 3/10
  3632 | D:$      | Got out of the dungeon alive.

Skill      XL: |  1  2  3  4  5  6 |
---------------+-------------------+-----
Dodging        | 2 3 |  3.0
Unarmed Combat | 4 5 6 |  6.5
Fighting       | 2 3 4 |  4.1
Spellcasting   | |  2.0
Transmutations | |  2.0

Action                   |  1- 3 |  4- 6 |  7- 9 || total
-------------------------+-------+-------+-------++-------
Melee: Unarmed           |   154 |   217 |     9 ||   380
       Tailslap          |    17 |     8 |     1 ||    26
       Kick              |     9 |     6 |       ||    15
       Headbutt          |     6 |     8 |       ||    14
       Punch             |     2 |     1 |       ||     3
 Cast: Beastly Appendage |    21 |    18 |     1 ||    40
       Spider Form       |     1 |    11 |       ||    12
 Abil: Breathe Steam     |       |       |     1 ||     1
  Use: Scroll            |       |     8 |       ||     8
       Potion            |       |     1 |       ||     1
  Eat: Chunk             |     2 |     9 |     2 ||    13
Armor: Skin              |    57 |    47 |       ||   104
Dodge: Dodged            |   112 |   154 |     5 ||   271
